 Dungeon Crawl Stone Soup version 0.27.1 (webtiles) character file.

Game seed: 14169898920835769843

0 Descartes the Sneak (level 1, -1/10 HPs)
             Began as a Felid Delver on Aug 31, 2021.
             Was an Initiate of Dithmenos.
             Slain by a hound (6 damage)
             ... on level 5 of the Dungeon.
             The game lasted 00:00:47 (185 turns).

Descartes the Sneak (Felid Delver)                   Turns: 185, Time: 00:00:48

Health: -1/10      AC:  1    Str:  8    XL:     1   Next: 0%
Magic:  2/2        EV: 17    Int: 11    God:    Dithmenos [......]
Gold:   12         SH:  0    Dex: 17    Spells: 0/0 levels left
                                        Lives:  0   Deaths: 0

rFire    . . .     SeeInvis +     - Unarmed
rCold    . . .     Faith    .   (shield unavailable)
rNeg     . . .     Spirit   .   (armour unavailable)
rPois    .         Reflect  .   (helmet unavailable)
rElec    .         Harm     .   (cloak unavailable)
rCorr    .         Rampage  .   (gloves unavailable)
Will     .....                  (boots unavailable)
Stlth    +++.......             (no amulet)
HPRegen  0.03/turn              (no ring)
MPRegen  0.08/turn              (no ring)

@: quick
A: very small, claws 1, fangs 3, see invisible, speed 1, shaggy fur 1, stealthy
paws, no weapons or thrown items, no armour, multi-lived
a: Renounce Religion


You were on level 5 of the Dungeon.
You worshipped Dithmenos.
Dithmenos was noncommittal.
You visited 2 branches of the dungeon, and saw 2 of its levels.

You collected 12 gold pieces.

Inventory:

Wands
 e - a wand of digging (3)
Scrolls
 a - a scroll of fog
 b - a scroll of magic mapping
 c - a scroll of fear
 f - a scroll of identify {unknown}
Potions
 d - a potion of haste


   Skills:
 - Level 3.0 Fighting
 + Level 2.6 Dodging
 + Level 6.6 Stealth
 - Level 2.0 Unarmed Combat


You couldn't memorise any spells.
You didn't know any spells.
Your spell library was empty.

Dungeon Overview and Level Annotations

Branches:
Dungeon (5/15)             Temple (1/1) D:5

Altars:
Ashenzari
Cheibriados
Dithmenos
Elyvilon
Fedhas
Gozag
Hepliaklqana
Kikubaaqudgha
Makhleb
Okawaru
Ru
Sif Muna
Trog
Uskayaw
Vehumet
Wu Jian
Xom
Yredelemnul
Zin
The Shining One

Annotations:
D:5 3 runed translucent doors, Lakmaran's ghost, novice DsBe; martbhell's ghost, weakling MiDe


Innate Abilities, Weirdness & Mutations

You have sharp claws.
You have razor-sharp teeth.
You have supernaturally acute eyesight. (SInv)
You cover ground quickly. (Speed+)
You are covered in fur. (AC +1)
Your paws help you pounce on unaware monsters.
You are incapable of wielding weapons or throwing items.
You cannot wear armour.
You gain extra lives every three experience levels.


Message History

Found a shimmering blue altar of Sif Muna.
Found a blossoming altar of Fedhas.
There is a shimmering blue altar of Sif Muna here.
Found a bloodstained altar of Trog.
Found a burning altar of Makhleb.
There is a burning altar of Makhleb here.
Found a shadowy altar of Dithmenos.
Found a broken altar of Ashenzari.
Found a hazy altar of Hepliaklqana.
There is a shadowy altar of Dithmenos here.
You sit before the altar of Dithmenos.
Dithmenos welcomes you!
Found a white marble altar of Elyvilon.
There is a hazy altar of Hepliaklqana here.
Done exploring.
There is a staircase back to the Dungeon here.
You climb upwards.
Level annotation: 3 runed translucent doors, Lakmaran's ghost, novice DsBe; martbhell's ghost, weakling MiDe
There is a staircase to the Ecumenical Temple here.
Found 18 sling bullets.
Found 12 gold pieces.
A hound comes into view.
The hound barks!
Found a scroll labelled IMINEDICZI.
The hound closely misses you.
You see here 12 gold pieces.
You now have 12 gold pieces.
The hound bites you.
Ouch! That really hurt!
The hound completely misses you. The hound closely misses you.
There is a staircase to the Ecumenical Temple here.
The hound bites you but does no damage.
A white imp comes into view.
The white imp shouts!
The white imp disappears for a moment.
The hound completely misses you.
Unknown command.
The hound bites you.
Ouch! That really hurt!
You die...

#.....#.....#......######
#..#####.>.#####......
##....#.....#.........
##..#...#...#........#
##....###...........#
#[..#.#.#....######
#.#..(#.....##
#.....#5.#### ###..@h.##
#....## ######


You could see a hound and a white imp.

Vanquished Creatures (others)
  A withered plant (D:5)
1 creature vanquished.

Notes
Turn   | Place    | Note
-------+----------+-------------------------------------------
     0 | D:5      | Descartes the Felid Delver began the quest for the Orb.
     0 | D:5      | Reached XP level 1. HP: 10/10 MP: 2/2
     0 | D:5      | Noticed martbhell's ghost (weakling MiDe)
     0 | D:5      | Noticed Lakmaran's ghost (novice DsBe)
     1 | D:5      | Found a staircase to the Ecumenical Temple.
    11 | Temple   | Entered the Ecumenical Temple
   116 | Temple   | Became a worshipper of Dithmenos the Shadowed
   164 | D:5      | Noticed a hound
   185 | D:5      | Slain by a hound

Illustrated notes

Levels and vault maps discovered:
D:5:      layout_basic, minmay_temple_entry_arrows, gammafunk_ghost_cemetery
Temple:   regret_index_temple_chain_breaker

Action                   || total
-------------------------++-------
Armor: Skin              ||     1
Dodge: Dodged            ||     4
